 Dungeon Crawl Stone Soup version 0.21.1-1-g345015fe64 (webtiles) character file.

29 Fascinator the Magician (level 3, 0/26 HPs)
             Began as a Draconian Wizard on July 29, 2018.
             Slain by Sigmund
             ... wielding a +0 scythe
              (12 damage)
             ... on level 2 of the Dungeon.
             The game lasted 00:03:48 (1209 turns).

Fascinator the Magician (Draconian Wizard)          Turns: 1209, Time: 00:03:49

Health: 0/26       AC:  5    Str:  9    XL:     3   Next: 1%
Magic:  5/8        EV: 12    Int: 19    God:
Gold:   121        SH:  0    Dex:  9    Spells: 0/9 levels left

rFire    . . .     SeeInvis .   d - +0 dagger
rCold    . . .     Gourm    .   (no shield)
rNeg     . . .     Faith    .   (armour unavailable)
rPois    .         Spirit   .   a - +0 hat
rElec    .         Reflect  .   (no cloak)
rCorr    .         Harm     .   (no gloves)
MR       .....                  (no boots)
Stlth    ++........             (no amulet)
HPRegen  0.08/turn              (no ring)
MPRegen  0.11/turn              (no ring)

@: no status effects
A: unfitting armour, cold-blooded, AC +5
a: no special abilities


You were on level 2 of the Dungeon.
You were hungry.

You visited 1 branch of the dungeon, and saw 2 of its levels.

You collected 121 gold pieces.

Inventory:

Hand Weapons
 d - a +0 dagger (weapon)
Armour
 a - a +0 hat (worn)
Scrolls
 e - a scroll of amnesia {unknown}
 f - 2 scrolls of remove curse {unknown}
 j - a scroll of random uselessness {unknown}
Potions
 g - a potion of flight {unknown}
 h - a potion of brilliance {unknown}
 i - a potion of resistance {unknown}
Books
 b - a book of Minor Magic

   Spells                             Type                      Level
   a - Magic Dart                     Conjuration                  1
   b - Blink                          Translocation                2
   c - Call Imp                       Summoning                    2
   d - Slow                           Hexes                        2
   e - Conjure Flame                  Conjuration/Fire             3
   f - Mephitic Cloud                 Conjuration/Poison/Air       3
Comestibles
 c - a ration


   Skills:
 + Level 2.2 Dodging
 + Level 1.9 Stealth
 * Level 3.7 Spellcasting
 * Level 1.1 Conjurations
 + Level 1.0 Summonings
   Level 1.0 Translocations


You couldn't memorise any spells.
You knew the following spells:

 Your Spells              Type           Power        Failure   Level  Hunger
a - Magic Dart            Conj           #...         9%          1    None
b - Call Imp              Summ           #.......     14%         2    ##.....
c - Mephitic Cloud        Conj/Pois/Air  #.......     36%         3    ###....
d - Conjure Flame         Conj/Fire      #.......     32%         3    ###....


Dungeon Overview and Level Annotations

Branches:
Dungeon (2/15)

Altars:
Ashenzari
Zin

Shops:
D:2 *

Annotations:
D:2 Sigmund


Innate Abilities, Weirdness & Mutations

Your plain brown scales are hard. (AC +5)
You cannot fit into any form of body armour.
You are cold-blooded and may be slowed by cold attacks.


Message History

Sigmund closely misses you.
Sigmund hits you from afar with a scythe!
You bump into the closed door.
Sigmund says, "Now you see me, now you don't..."
Sigmund points at you and mumbles some strange words.
You resist with significant effort.
You bump into the rock wall.
You bump into the closed door.
Sigmund hits you from afar with a scythe.
Sigmund hits you with a scythe.
You feel less confused.
Casting: Magic Dart
Confirm with . or Enter, or press ? or * to list all spells.
Aiming: Mephitic Cloud
Press: ? - help, Shift-Dir - straight line, p - Sigmund The ball explodes into a vile cloud!
The stinking cloud engulfs Sigmund.
Sigmund is lightly wounded.
You hear an angry hiss.
You hear a shout!
Sigmund hits you with a scythe!
You die...

##...##.####
#..........#
#....###...#
#...##⌠##..#
+....#_#...#
#......§§..#
+......§§..#
##.....∩.§@.##
...........@..+
######....#####
...........#
#####......# #......#
#.#####......# ##
.........##### ..#
..######.#############
#.# #.............#
#.#


You could see Sigmund.

Vanquished Creatures
  3 dart slugs (D:1)
  A giant cockroach (D:1)
  4 goblins (D:1)
  3 hobgoblins
  3 kobolds (D:1)
  3 bats
  4 frilled lizards
  3 rats (D:1)
24 creatures vanquished.

Notes
Turn   | Place    | Note
-------+----------+-------------------------------------------
     0 | D:1      | Fascinator the Draconian Wizard began the quest for the Orb.
     0 | D:1      | Reached XP level 1. HP: 14/14 MP: 4/4
   101 | D:1      | Reached XP level 2. HP: 15/20 MP: 1/6
  1011 | D:2      | Found a shattered altar of Ashenzari.
  1028 | D:2      | Reached XP level 3. HP: 26/26 MP: 0/8
  1032 | D:2      | Learned a level 2 spell: Call Imp
  1036 | D:2      | Learned a level 3 spell: Mephitic Cloud
  1040 | D:2      | Learned a level 3 spell: Conjure Flame
  1160 | D:2      | Found Zin's Purification Station.
  1163 | D:2      | Found a glowing silver altar of Zin.
  1176 | D:2      | Noticed Sigmund
  1209 | D:2      | Slain by Sigmund

Skill      XL: |  1 |
---------------+----+-----
Dodging        | 2 |  2.2
Stealth        | |  1.9
Spellcasting   | |  3.7
Conjurations   | |  1.1
Summonings     | |  1.0
Translocations | |  1.0

Action                   || total
-------------------------++-------
Melee: Dagger            ||    15
       Tailslap          ||     1
 Cast: Magic Dart        ||    57
       Mephitic Cloud    ||     1
Armor: Skin              ||    13
Dodge: Dodged            ||    18
